 Dungeon Crawl Stone Soup version 0.26-a0-597-gb535b0901c (webtiles) character file.

Game seed: 16307541898669992285

1189 Cokeysmoke the Magician (level 8, -1/41 HPs)
             Began as a Deep Elf Fire Elementalist on Sept 4, 2020.
             Was an Initiate of Vehumet.
             Slain by a two-headed ogre
             ... wielding a +0 giant club
              (16 damage)
             ... on level 8 of the Dungeon.
             The game lasted 00:25:56 (5237 turns).

Cokeysmoke the Magician (DEFE)                      Turns: 5237, Time: 00:25:57

Health: -1/41      AC:  9    Str:  5    XL:     8   Next: 19%
Magic:  4/19       EV: 14    Int: 23    God:    Vehumet [......]
Gold:   279        SH:  5    Dex: 15    Spells: 19/20 levels left

rFire    . . .     SeeInvis .   A - +2 dagger (flame)
rCold    . . .     Faith    .   g - +0 buckler
rNeg     . . .     Spirit   .   a - +0 robe
rPois    .         Reflect  .   x - +0 helmet
rElec    .         Harm     .   e - scarf {+Inv}
rCorr    .                      u - +0 pair of gloves
MR       .....                  C - +0 pair of boots
Stlth    +++.......             (no amulet)
HPRegen  0.13/turn              b - +4 ring of protection
MPRegen  0.16/turn              (no ring)

@: no status effects
A: no striking features
a: Renounce Religion, Evoke Invisibility


You were on level 8 of the Dungeon.
You worshipped Vehumet.
Vehumet was noncommittal.
You visited 1 branch of the dungeon, and saw 6 of its levels.

You collected 279 gold pieces.

Inventory:

Hand Weapons
 j - a +0 dagger
 o - a +0 short sword
 r - a +2 dagger of electrocution
 A - a +2 dagger of flaming (weapon)
Armour
 a - a +0 robe (worn)
 e - a scarf of invisibility (worn)
 g - a +0 buckler (worn)
 u - a +0 pair of gloves (worn)
 x - a +0 helmet (worn)
 B - a +2 leather armour of fire resistance
 C - a +0 pair of boots (worn)
Jewellery
 b - a +4 ring of protection (left hand)
Wands
 w - a wand of flame (10)
 D - a wand of iceblast (7)
Scrolls
 f - 4 scrolls of teleportation
 h - 6 scrolls of amnesia
 k - 3 scrolls of fear
 m - a scroll of enchant armour
 n - 2 scrolls of magic mapping {unknown}
 q - 2 scrolls of remove curse
 s - a scroll of random uselessness {unknown}
 y - a scroll of blinking {unknown}
 F - a scroll of identify
Potions
 c - a potion of haste {unknown}
 d - a potion of degeneration {unknown}
 i - 4 potions of might {unknown}
 l - 2 potions of lignification {unknown}
 p - a potion of flight {unknown}
 t - 4 potions of curing
 v - 2 potions of ambrosia {unknown}
 z - a potion of brilliance {unknown}
 E - a potion of heal wounds {unknown}


   Skills:
 + Level 4.5 Dodging
 - Level 5.0 Stealth
 * Level 3.4 Shields
 * Level 6.6 Spellcasting
 + Level 3.5 Conjurations
 + Level 5.2 Fire Magic
 + Level 2.9 Evocations


You had 19 spell levels left.
You knew the following spells:

 Your Spells              Type           Power        Failure   Level
a - Foxfire               Conj/Fire      ####         1%          1

Your spell library contained the following spells:

 Spells                   Type           Power        Failure   Level
 Conjure Flame            Conj/Fire      ####....     4%          3
 Inner Flame              Hex/Fire       ###.....     9%          3
 Sticky Flame             Conj/Fire      ####....     14%         4
 Fireball                 Conj/Fire      ####......   36%         5


Dungeon Overview and Level Annotations

Branches:
Dungeon (5/15)
 Temple: D:4-7

Altars:
Ashenzari
Fedhas
Hepliaklqana
Kikubaaqudgha
Makhleb
Nemelex Xobeh
Okawaru
Qazlal
Ru
Trog
Uskayaw
Vehumet

Annotations:
D:5 3 runed translucent doors, Lanoc's ghost, weakling VSDe


Message History

Okay, then.
Casting: Foxfire (safe; 1% risk of failure)
Confirm with . or Enter, or press ? or * to list all spells.
You conjure some foxfire!
You block the lemure's attack. The lemure barely misses you.
The foxfire hits the two-headed ogre!
The two-headed ogre is moderately wounded.
Unknown command.
You fail to use your ability.
The foxfire hits the lemure.
The lemure is moderately wounded.
The lemure hits you! The lemure closely misses you.
You fail to use your ability.
The lemure barely misses you. The lemure misses you.
The two-headed ogre misses you.
The two-headed ogre hits you with a +0 giant club.
You fail to use your ability.
The lemure barely misses you. The lemure misses you.
The two-headed ogre barely misses you.
The two-headed ogre hits you but does no damage.
You fail to use your ability.
You block the lemure's attack. The lemure hits you.
The two-headed ogre barely misses you.
The two-headed ogre hits you with a +0 giant club!
You die...

##_### ##8.#.# #...... #......
#.8.#.# #.#_#_# #.#####
###############.#....
#...@................
+..55O...............
#.>..................
#................####
###########................'...
......5......#####.........#...
.............# ###########...
.............+ #...
...†.........# #...


You could see a two-headed ogre and 2 lemures.

Vanquished Creatures
  Sigmund (D:3)
  An ogre (D:4)
  A centaur (D:5)
  2 lemures (D:8)
  A bullfrog (D:8)
  A centaur skeleton (D:4)
  2 jellies
  A bullfrog skeleton (D:4)
  A centaur zombie (D:8)
  3 orc priests
  An orc wizard (D:3)
  Terence (D:2)
  Natasha (thrice) (D:3)
  6 worker ants
  Robin (D:3)
  5 gnolls
  11 adders
  A shadow imp (D:8)
  A white imp (D:5)
  An ooze (D:3)
  3 worms
  A dart slug (D:2)
  A leopard gecko (D:2)
  15 orcs
  3 ball pythons
  5 bats
  8 giant cockroaches
  16 goblins
  7 hobgoblins
  5 quokkas
  A ball python skeleton (D:4)
  4 frilled lizards
  5 kobolds
  5 rats
124 creatures vanquished.

Vanquished Creatures (others)
  482 foxfires
482 creatures vanquished.

Grand Total: 606 creatures vanquished

Notes
Turn   | Place    | Note
-------+----------+-------------------------------------------
     0 | D:1      | Cokeysmoke the Deep Elf Fire Elementalist began the quest
                  | for the Orb.
     0 | D:1      | Reached XP level 1. HP: 10/10 MP: 6/6
    36 | D:1      | Reached XP level 2. HP: 9/15 MP: 0/8
   862 | D:2      | Reached XP level 3. HP: 19/19 MP: 6/9
  1212 | D:2      | Reached XP level 4. HP: 24/24 MP: 8/11
  1212 | D:2      | Noticed Terence
  1218 | D:2      | Killed Terence
  1335 | D:2      | Reached skill level 4 in Spellcasting
  1859 | D:3      | Reached skill level 1 in Shields
  1859 | D:3      | Reached XP level 5. HP: 28/28 MP: 6/13
  1861 | D:3      | Reached skill level 1 in Evocations
  1959 | D:3      | Noticed Sigmund
  1967 | D:3      | Killed Sigmund
  1967 | D:3      | Reached XP level 6. HP: 20/32 MP: 8/15
  2269 | D:3      | Noticed Natasha
  2281 | D:3      | Killed Natasha
  2281 | D:3      | Reached skill level 5 in Spellcasting
  2352 | D:3      | Noticed Natasha
  2357 | D:3      | Killed Natasha
  2496 | D:3      | Found a stormy altar of Qazlal.
  2497 | D:3      | Noticed Natasha
  2500 | D:3      | Killed Natasha
  2517 | D:3      | Noticed Robin
  2537 | D:3      | Killed Robin
  2878 | D:3      | Found a faded altar of an unknown god.
  3015 | D:3      | Reached XP level 7. HP: 36/36 MP: 13/16
  3515 | D:4      | Found a sparkling altar of Nemelex Xobeh.
  3564 | D:4      | Reached skill level 5 in Fire Magic
  4189 | D:4      | Reached skill level 6 in Spellcasting
  4513 | D:5      | Entered Level 5 of the Dungeon
  4617 | D:5      | Found a runed translucent gate.
  4622 | D:5      | Found a runed translucent gate.
  4622 | D:5      | Noticed Lanoc's ghost (weakling VSDe)
  4623 | D:5      | Found a runed translucent gate.
  4665 | D:5      | Reached XP level 8. HP: 31/41 MP: 11/19
  5001 | D:5      | Found an iron altar of Okawaru.
  5031 | D:5      | You fall into a shaft and drop 3 floors!
  5043 | D:8      | Reached skill level 5 in Stealth
  5070 | D:8      | Found a shattered altar of Ashenzari.
  5074 | D:8      | Found a burning altar of Makhleb.
  5115 | D:8      | Found a hide-covered altar of Uskayaw.
  5117 | D:8      | Found a hazy altar of Hepliaklqana.
  5117 | D:8      | Found a sacrificial altar of Ru.
  5119 | D:8      | Found a bloodstained altar of Trog.
  5120 | D:8      | Found an ancient bone altar of Kikubaaqudgha.
  5121 | D:8      | Found a radiant altar of Vehumet.
  5122 | D:8      | Found a blossoming altar of Fedhas.
  5165 | D:8      | Became a worshipper of Vehumet
  5213 | D:8      | Noticed a two-headed ogre
  5237 | D:8      | Slain by a two-headed ogre

Illustrated notes

Levels and vault maps discovered:
D:1:      nzn_arrival_crosshair, layout_rooms
D:2:      layout_rooms, grunt_ministairs_6, uniq_terence
D:3:      layout_basic, old_standard_altar, chequers_ecumenical_altar_island,
          uniq_robin, uniq_natasha, uniq_sigmund
D:4:      layout_rooms, serial_curves, eino_curves_01, eino_curves_03,
          eino_curves_04, nemelex_lonely_heart_becter
D:5:      layout_basic, ebering_ghost_rock_garden, kennysheep_okawaru_gauntlet
D:8:      layout_gridville, minitemple, makhleb_heckhound_becter,
          uniq_gastronok, uniq_pikel

Skill      XL: |  1  2  3  4  5  6  7  8 |
---------------+-------------------------+-----
Fire Magic     | 4 5 |  5.2
Stealth        | 3 4 5 |  5.0
Dodging        | 3 4 |  4.5
Spellcasting   | 4 5 6 |  6.6
Shields        | 1 2 3 |  3.4
Evocations     | 1 2 |  2.9
Conjurations   | 2 3 |  3.5

Action                   |  1- 3 |  4- 6 |  7- 9 || total
-------------------------+-------+-------+-------++-------
Melee: Unarmed           |    28 |       |       ||    28
       Dagger            |     5 |     6 |    15 ||    26
       Short sword       |     2 |       |       ||     2
 Cast: Foxfire           |    54 |   120 |   161 ||   335
  Use: Scroll            |     6 |       |     1 ||     7
       Potion            |       |       |     1 ||     1
Armor: Robe              |    12 |    17 |    15 ||    44
Dodge: Dodged            |    30 |    21 |    30 ||    81
Block: Buckler           |       |       |    12 ||    12

Table legend: (Time is in decaauts)
 A = Elapsed time spent in this place.
 B = Non-inter-level travel time spent in this place.
 C = Inter-level travel time spent in this place.
 D = Time resting spent in this place.
 E = Time spent auto-exploring this place.
 F = Levels seen in this place.
 G = Mean time per level.
                   A        B        C        D        E       F      G
               +--------+--------+--------+--------+--------+-----+--------+
         Total |   5236 |   5162 |     74 |    611 |   3623 |   6 |  872.7 |
       Dungeon |   5236 |   5162 |     74 |    611 |   3623 |   6 |  872.7 |
               +--------+--------+--------+--------+--------+-----+--------+

Top non-repeatable levels by time:
     D:3: 1506 daAuts
     D:4: 1350 daAuts
     D:1: 859 daAuts
     D:2: 797 daAuts
     D:5: 517 daAuts
     D:8: 205 daAuts
